 Dungeon Crawl Stone Soup version 0.32-a0-306-gfed3edf829 (webtiles) character file.

Game seed: 6955495430735704867

2576 retardedninja the Cleaver (level 9, 0/82 HPs)
             Began as a Mountain Dwarf Fighter on Feb 14, 2024.
             Was an Initiate of Cheibriados.
             Slain by an ogre
             ... wielding a +0 giant spiked club
              (18 damage)
             ... on level 6 of the Dungeon.
             The game lasted 00:13:28 (6600 turns).

retardedninja the Cleaver (Mountain Dwarf Fighter)  Turns: 6600, Time: 00:13:28

Health: 0/82       AC: 13    Str: 28    XL:     9   Next: 32%
Magic:  9/9        EV:  8    Int: 15    God:    Cheibriados [......]
Gold:   369        SH:  5    Dex: 10    Spells: 8/8 levels left

rFire   x . .        a - +0 war axe
rCold   + . .        c - +0 buckler
rNeg    . . .        t - +0 chain mail
rPois   .            (no helmet)
rElec   .            (no cloak)
rCorr   .            u - +0 pair of gloves
SInv    +            o - +0 pair of boots
Will    .....        m - amulet of the Thirteen Lies {RegenMP rF- rC+ Int+3 SInv} Stlth
                     l - +6 ring of strength
HPRegen 0.33/turn    (no ring)
MPRegen 0.51/turn

%: no passive effects
@: very slow
A: runic magic, artefact enchanting
a: Renounce Religion


You were on level 6 of the Dungeon.
You worshipped Cheibriados.
Cheibriados was noncommittal.
You visited 2 branches of the dungeon, and saw 8 of its levels.

You collected 369 gold pieces.

Inventory:

Hand Weapons
 a - a +0 war axe (weapon)
Missiles
 E - 6 javelins (quivered)
Armour
 c - a +0 buckler (worn)
 o - a +0 pair of boots (worn)
 t - a +0 chain mail (worn)
 u - a +0 pair of gloves (worn)
Jewellery
 l - a +6 ring of strength (left hand)
 m - the amulet of the Thirteen Lies (around neck) {RegenMP rF- rC+ Int+3 SInv}
   (You found it on level 2 of the Dungeon)

   [amulet of magic regeneration]

   RegenMP:   It increases your rate of magic regeneration.
   Int+3:     It affects your intelligence (+3).
   rF-:       It makes you vulnerable to fire.
   rC+:       It protects you from cold.
   SInv:      It lets you see invisible.
 y - a ring of see invisible
 z - an amulet of faith
Wands
 b - a wand of flame (33)
 n - a wand of mindburst (19)
Scrolls
 d - a scroll of teleportation
 f - a scroll of fog
 h - a scroll of brand weapon {unknown}
 j - a scroll of silence
 q - a scroll of noise {unknown}
 r - a scroll of vulnerability
 v - a scroll of revelation {unknown}
 A - a scroll of amnesia {unknown}
 B - a scroll of immolation {unknown}
 C - a scroll of butterflies {unknown}
Potions
 e - a potion of brilliance {unknown}
 g - a potion of ambrosia {unknown}
 i - a potion of invisibility {unknown}
 k - 3 potions of enlightenment
 p - a potion of lignification {unknown}
 w - 2 potions of degeneration
 x - a potion of haste {unknown}


   Skills:
 * Level 8.7 Fighting
 * Level 9.0 Axes
 + Level 6.6 Armour
 + Level 6.7 Shields


You had 8 spell levels left.
You didn't know any spells.
Your spell library contained the following spells:

 Spells                   Type           Power      Damage    Failure   Level
 Ozocubu's Armour         Ice            0%         N/A       78%         3
 Metabolic Englaciation   Hex/Ice        0%         N/A       100%        5
 Sculpt Simulacrum        Ice/Alch       0%         N/A       100%        6


Dungeon Overview and Level Annotations

Branches:
Dungeon (7/15)             Temple (1/1) D:6

Altars:
Ashenzari
Cheibriados
Dithmenos
Fedhas
Gozag
Hepliaklqana
Kikubaaqudgha
Makhleb
Nemelex Xobeh
Okawaru
Qazlal
Trog
Uskayaw
Vehumet
Wu Jian
Yredelemnul
Zin
The Shining One


Innate Abilities, Weirdness & Mutations

Your spellcasting is much less encumbered by armour.
You can use scrolls of enchantment on lesser artefacts.


Message History

The bullfrog closely misses you. The bullfrog hits you. The bullfrog hits you.
There is a stone staircase leading up here.
You block the bullfrog's attack.
The ogre hits you with a +0 giant spiked club.
You climb upwards.
There is a stone staircase leading down here.
You feel better.
The bullfrog hits you but does no damage.
The bullfrog closely misses you.
Aiming: Mindburst
Press: ? - help, Q - select action, (/) - cycle Shift-Dir - straight line, f - ogre
Aim: an ogre, wielding a +0 giant spiked club (heavily wounded, chance to affect: 64%)
The ogre struggles to resist.
The ogre hits you with a +0 giant spiked club!
* * * LOW HITPOINT WARNING * * *
The bullfrog barely misses you.
Unknown command.
Aiming: Mindburst
Press: ? - help, Shift-Dir - straight line, f/p - ogre
Aim: an ogre, wielding a +0 giant spiked club (heavily wounded, chance to affect: 64%)
The ogre struggles to resist.
The bullfrog closely misses you. You block the ogre's attack.
You block the bullfrog's attack.
Unknown command.
You slash the ogre!
The ogre is severely wounded.
You hit the bullfrog. You block the bullfrog's attack.
You barely miss the ogre.
The ogre is severely wounded.
You slash the bullfrog!
You kill the bullfrog!
Cheibriados appreciates the change of pace.
You block the ogre's attack.
Your Axes skill increases to level 9!
You hit the ogre.
The ogre is almost dead.
The ogre hits you with a +0 giant spiked club!!
You die...
Cheibriados appreciates the motionlessness of death.

#......................~~≈≈~.....
#......................~≈≈~~.....
#....[...............#.~≈≈~......
#....................#~~≈≈~....#.
##.>......#...........~≈≈~~....#.
##.......#####....###~≈≈~.....#.
###.###..##......###~≈≈~....##.
#.# ##.......†.#..~≈≈~....... #>#
###....@O.#..~≈≈~~......
#####.######.......#..~~≈≈~......
..........#..#####.####~≈≈~......
............## #.# ##~≈≈~~.....
..........### #.###.~~≈≈~.....
..........# #......~≈≈~.....
....<.....# #....ßß~≈≈~~ßß..
(.........# #........)......
########### #...............


You could see an ogre.

Vanquished Creatures
  Maggie (D:6)
  A shadow (D:6)
  Sigmund (D:4)
  Eustachio (D:4)
  A water moccasin (D:5)
  2 black bears
  A sky beast (D:6)
  An ogre (D:6)
  2 ice beasts
  2 bullfrogs (D:6)
  A scorpion (D:5)
  A burial acolyte (D:6)
  A howler monkey (D:5)
  A bombardier beetle (D:5)
  2 hounds
  3 orc priests
  A sleepcap (D:6)
  2 jellies
  A gnoll bouda (D:5)
  An iguana (D:5)
  7 orc wizards
  10 adders
  9 gnolls
  A shadow imp (D:5)
  4 white imps
  3 ufetubi
  2 adder zombies (D:6)
  2 ribbon worms (D:2)
  28 orcs
  4 ball pythons
  5 bats
  7 endoplasms
  3 giant cockroaches
  4 goblins
  4 hobgoblins
  4 jackals (D:3)
  9 kobolds
  5 quokkas
  4 frilled lizards
  A jackal zombie (D:6)
  3 rats
146 creatures vanquished.

Notes
Turn   | Place    | Note
-------+----------+-------------------------------------------
     0 | D:1      | retardedninja the Mountain Dwarf Fighter began the quest
                  | for the Orb.
     0 | D:1      | Reached XP level 1. HP: 19/19 MP: 1/1
   114 | D:1      | Reached XP level 2. HP: 21/26 MP: 2/2
   323 | D:1      | Reached skill level 3 in Axes
   436 | D:1      | Reached XP level 3. HP: 33/33 MP: 3/3
   943 | D:2      | Identified the amulet of the Thirteen Lies {RegenMP rF- rC+
                  | Int+3 SInv}
   997 | D:2      | Found a faded altar of an unknown god.
  1034 | D:2      | Reached XP level 4. HP: 37/40 MP: 4/4
  1795 | D:3      | Found a burning altar of Makhleb.
  2007 | D:3      | Reached XP level 5. HP: 46/46 MP: 5/5
  2082 | D:3      | Found a hide-covered altar of Uskayaw.
  2489 | D:4      | Reached skill level 4 in Axes
  2649 | D:4      | Noticed Sigmund
  2660 | D:4      | Reached XP level 6. HP: 33/55 MP: 6/6
  2660 | D:4      | Killed Sigmund
  2661 | D:4      | Reached skill level 5 in Fighting
  2661 | D:4      | Reached skill level 5 in Axes
  3195 | D:4      | Noticed Eustachio
  3207 | D:4      | Killed Eustachio
  3208 | D:4      | Reached skill level 5 in Armour
  3208 | D:4      | Reached skill level 5 in Shields
  3208 | D:4      | Reached XP level 7. HP: 53/62 MP: 7/7
  3554 | D:5      | Entered Level 5 of the Dungeon
  3664 | D:5      | Reached skill level 6 in Axes
  3711 | D:5      | Found a bloodstained altar of Trog.
  4057 | D:5      | Reached XP level 8. HP: 60/71 MP: 8/8
  4303 | D:5      | Found a broken altar of Ashenzari.
  4547 | D:5      | Reached skill level 7 in Axes
  5127 | D:6      | Noticed Maggie
  5151 | D:6      | Killed Maggie
  5507 | D:6      | Reached skill level 8 in Axes
  5712 | D:6      | Found a staircase to the Ecumenical Temple.
  5722 | Temple   | Entered the Ecumenical Temple
  5731 | Temple   | Reached XP level 9. HP: 64/81 MP: 9/9
  6010 | Temple   | Became a worshipper of Cheibriados the Contemplative
  6135 | D:6      | Found a radiant altar of Vehumet.
  6235 | D:6      | Found an ancient bone altar of Kikubaaqudgha.
  6546 | D:7      | Found a hazy altar of Hepliaklqana.
  6600 | D:6      | Reached skill level 9 in Axes
  6600 | D:6      | Slain by an ogre

Illustrated notes

Levels and vault maps discovered:
D:1:      amcnicky_arrival_blooded_trapdoor, layout_basic
D:2:      layout_basic, shapermc_ecumenical_altar_totnotflames,
          lexackson_kobold_supper
D:3:      layout_basic, amcnicky_altar_gilded,
          mainiacjoe_overflow_concentric_impassable
D:4:      layout_gridville, uniq_sigmund, uniq_eustachio
D:5:      layout_rooms, general_overflow_altar, kennysheep_little_box,
          grunt_tough_drop
D:6:      wander_river, layout_rooms, lemuel_round_altar,
          lemuel_zombie_altar_kikubaaqudgha, minmay_temple_entry_overgrown,
          uniq_maggie
D:7:      nzn_winding_woodlands_cross [nzn_winding_woodlands_5x15_cabin,
          nzn_winding_woodlands_5x15_parted, nzn_winding_woodlands_5x15_pool,
          nzn_winding_woodlands_5x15_pathside_ponds,
          nzn_winding_woodlands_15x15_eel_pit], layout_basic, kennysheep_mini,
          enter_bailey_5
Temple:   grunt_temple_mini_profane

Skill      XL: |  1  2  3  4  5  6  7  8  9 |
---------------+----------------------------+-----
Axes           | 3 4 5 6 8 9 |  9.0
Armour         | 4 5 6 |  6.6
Shields        | 4 5 6 |  6.7
Fighting       | 4 5 6 8 |  8.7

Action                     |  1- 3 |  4- 6 |  7- 9 || total
---------------------------+-------+-------+-------++-------
  Melee: War axe           |    80 |   142 |   225 ||   447
  Evoke: Wand              |       |     7 |     4 ||    11
    Use: Potion            |       |     2 |     7 ||     9
         Scroll            |       |       |     9 ||     9
 Armour: Scale mail        |    42 |    20 |       ||    62
         Chain mail        |       |   120 |   230 ||   350
  Dodge: Dodged            |    38 |    87 |   135 ||   260
  Block: Buckler           |    12 |    42 |    64 ||   118

Table legend: (Time is in decaauts)
 A = Elapsed time spent in this place.
 B = Non-inter-level travel time spent in this place.
 C = Inter-level travel time spent in this place.
 D = Time resting spent in this place.
 E = Time spent auto-exploring this place.
 F = Levels seen in this place.
 G = Mean time per level.
                   A        B        C        D        E       F      G
               +--------+--------+--------+--------+--------+-----+--------+
         Total |   6874 |   6637 |    237 |   1309 |   4079 |   8 |  859.2 |
       Dungeon |   6557 |   6361 |    196 |   1063 |   4079 |   7 |  936.7 |
        Temple |    316 |    275 |     41 |    246 |      0 |   1 |  316.0 |
               +--------+--------+--------+--------+--------+-----+--------+

Top non-repeatable levels by time:
     D:5: 1572 daAuts
     D:6: 1250 daAuts
     D:4: 1192 daAuts
     D:2: 900 daAuts
     D:1: 881 daAuts
     D:3: 672 daAuts
  Temple: 316 daAuts
     D:7: 87 daAuts
